 Dungeon Crawl Stone Soup version 0.29-a0-716-gf28ee254f9 (webtiles) character file.

Game seed: 6752261632152178914

3243 Querens the Protected (level 10, 0/86 HPs)
             Began as a Meteoran Fighter on June 26, 2022.
             Was an Initiate of Okawaru.
             Slain by a sky beast (1 damage)
             ... on level 8 of the Dungeon.
             The game lasted 00:18:44 (4382 turns).

Querens the Protected (Meteoran Fighter)            Turns: 4382, Time: 00:18:45

Health: 0/86       AC: 15    Str: 22    XL:     10   Next: 41%
Magic:  11/11      EV: 12    Int:  9    God:    Okawaru [......]
Gold:   421        SH:  6    Dex: 15    Spells: 9/9 levels left

rFire   . . .      SeeInvis .   F - +4 hand axe
rCold   . . .      Faith    .   c - +0 buckler
rNeg    . . .      Spirit   .   b - +0 scale mail
rPois   .          Reflect  .   E - +0 helmet
rElec   .          Harm     .   D - +0 cloak
rCorr   .          Rampage  .   (no gloves)
Will    +....                   (no boots)
Stlth   ..........              (no amulet)
HPRegen 0.24/turn               n - +4 ring of protection
MPRegen 0.12/turn               (no ring)

@: lethally poisoned (0 -> -22), glowing
A: sense surroundings 2, otherworldly, glowing, explore regen
a: Renounce Religion


You were on level 8 of the Dungeon.
You worshipped Okawaru.
Okawaru was noncommittal.
You visited 2 branches of the dungeon, and saw 9 of its levels.

You collected 421 gold pieces.

Inventory:

Hand Weapons
 a - a +0 war axe
 F - a +4 hand axe (weapon)
Missiles
 B - 3 curare-tipped darts (quivered)
Armour
 b - a +0 scale mail (worn)
 c - a +0 buckler (worn)
 D - a +0 cloak (worn)
 E - a +0 helmet (worn)
Jewellery
 m - an amulet of faith
 n - a +4 ring of protection (left hand)
Wands
 s - a wand of paralysis (6)
 t - a wand of mindburst (3)
 y - a wand of quicksilver (12)
 A - a wand of polymorph (9)
Scrolls
 e - 5 scrolls of teleportation
 f - 2 scrolls of enchant weapon {unknown}
 g - 3 scrolls of poison {unknown}
 h - 7 scrolls of identify {unknown}
 k - 2 scrolls of amnesia {unknown}
 l - 2 scrolls of brand weapon {unknown}
 o - 2 scrolls of fear {unknown}
 p - 2 scrolls of vulnerability {unknown}
 r - 2 scrolls of noise {unknown}
 u - a scroll of fog {unknown}
 w - a scroll of summoning {unknown}
 C - a scroll of silence {unknown}
Potions
 d - a potion of might
 i - 3 potions of heal wounds
 j - 2 potions of degeneration {unknown}
 q - a potion of lignification {unknown}
 v - 3 potions of cancellation {unknown}
 x - 2 potions of magic {unknown}
 z - 2 potions of curing {unknown}


   Skills:
 + Level 7.6 Fighting
 + Level 7.8 Axes
 + Level 8.4 Armour
 + Level 6.5 Dodging
 + Level 8.3 Shields


You had 9 spell levels left.
You didn't know any spells.
Your spell library contained the following spells:

 Spells                   Type           Power      Damage    Failure   Level
 Ensorcelled Hibernation  Hex/Ice        0%         N/A       87%         2
 Passwall                 Tmut/Erth      0%         N/A       87%         2
 Scorch                   Fire           0%         2d5       87%         2
 Frozen Ramparts          Ice            0%         1d2       98%         3
 Ozocubu's Armour         Ice            0%         N/A       98%         3
 Portal Projectile        Hex/Tloc       0%         N/A       98%         3
 Swiftness                Air            0%         N/A       98%         3
 Flame Wave               Conj/Fire      0%         2d4       100%        4
 Ice Form                 Ice/Tmut       0%         N/A       100%        4
 Passage of Golubria      Tloc           0%         N/A       100%        4
 Blade Hands              Tmut           0%         N/A       100%        5
 Metabolic Englaciation   Hex/Ice        0%         N/A       100%        5
 Silence                  Hex/Air        0%         N/A       100%        5
 Orb of Destruction       Conj           0%         9d5       100%        7
 Lehudib's Crystal Spear  Conj/Erth      0%         10d2      100%        8
 Summon Guardian Golem    Hex/Summ       Unusable   N/A       N/A         3
 Tukima's Dance           Hex            Unusable   N/A       N/A         3
 Animate Dead             Necr           Unusable   N/A       N/A         4
 Summon Ice Beast         Ice/Summ       Unusable   N/A       N/A         4
 Simulacrum               Ice/Necr       Unusable   N/A       N/A         6
 Summon Cactus Giant      Summ           Unusable   N/A       N/A         6
 Haunt                    Necr/Summ      Unusable   N/A       N/A         7
 Spellforged Servitor     Conj/Summ      Unusable   N/A       N/A         7
 Infestation              Necr           Unusable   N/A       N/A         8

Dungeon Overview and Level Annotations

Branches:
Dungeon (8/15) Zot: 561    Temple (1/1) D:7 Zot: 475
   Lair: D:8-11

Altars:
Ashenzari
Cheibriados
Dithmenos
Elyvilon
Fedhas
Gozag
Hepliaklqana
Kikubaaqudgha
Makhleb
Okawaru
Qazlal
Ru
Sif Muna
Trog
Uskayaw
Vehumet
Xom
Yredelemnul
Zin
The Shining One

Shops:
D:2 *

Annotations:
D:4 Edmund, Menkaure


Innate Abilities, Weirdness & Mutations

You passively map the area around you.
You are easily found by Zot.
You glow in the dark.
You regain HP and MP as you explore.


Message History

You block the gnoll shaman's attack.
The sky beast flickers out of sight!
Deactivating autopickup; reactivate with Ctrl-A.
Something hits you but does no damage. The gnoll closely misses you.
You block the gnoll sergeant's attack.
Unknown command.
You hit the gnoll sergeant.
The gnoll sergeant is severely wounded.
You hit the gnoll.
You kill the gnoll!
Okawaru accepts your kill.
You hit the gnoll shaman.
You kill the gnoll shaman!
Okawaru accepts your kill.
You miss something.
You feel sick. You block the gnoll sergeant's attack. Something hits you.
* * * LOW HITPOINT WARNING * * *
Something shocks you.
* * * LOW HITPOINT WARNING * * *
Unknown command.
You feel sick.
The gnoll sergeant hits you but does no damage.
You are more poisoned.
Something hits you but does no damage.
You feel very sick.
The gnoll sergeant hits you with a +1 trident of venom!
* * * LOW HITPOINT WARNING * * *
You are lethally poisoned!
The gnoll sergeant attacks as you move away!
You block the gnoll sergeant's attack.
Found an inky potion.
You hear the faint creaking of a portcullis nearby.
* * * LOW HITPOINT WARNING * * *
You feel very sick.
The gnoll sergeant hits you from afar with a +1 trident of venom!
* * * LOW HITPOINT WARNING * * *
You are more poisoned.
* * * LOW HITPOINT WARNING * * *
You feel very sick.
Unknown command.
Something hits you.
You die...

.................# *
...........#.....# * ...
* #..........#.....#≈
!...,
...........#....####..#
.##.............#..... ,
* ..................!.#,
....................# *
..#........)))......##
...........)..g{@....#
#..........)(.........#
.......................#*
...#....................
............##.)##..###.
* , ..........#.... ...#
* ,, ...................
, .................. , ,
, ,


You could see a gnoll sergeant.

Vanquished Creatures
  Pikel (D:6)
  Sigmund (D:6)
  4 black bears
  A sky beast (D:8)
  An orc warrior (D:8)
  2 ogres (D:5)
  4 centaurs
  2 necrophages
  Blork the orc (D:6)
  3 bullfrogs
  3 scorpions
  A howler monkey (D:5)
  3 hounds
  4 jellies
  3 orc priests
  3 gnoll shamans
  2 iguanas
  5 orc wizards
  20 gnolls
  11 adders
  3 white imps
  An ufetubus (D:3)
  4 worms
  6 dart slugs
  18 orcs
  5 ball pythons
  3 bats
  8 endoplasms
  2 giant cockroaches (D:3)
  6 hobgoblins
  9 jackals
  4 quokkas
  7 frilled lizards
  11 goblins
  10 kobolds
  4 rats
176 creatures vanquished.

Vanquished Creatures (others)
  A plant (D:7)
1 creature vanquished.

Grand Total: 177 creatures vanquished

Notes
Turn   | Place    | Note
-------+----------+-------------------------------------------
     0 | D:1      | Querens the Meteoran Fighter began the quest for the Orb.
     0 | D:1      | Reached XP level 1. HP: 19/19 MP: 2/2
   129 | D:1      | Reached XP level 2. HP: 21/26 MP: 3/3
   292 | D:1      | Reached XP level 3. HP: 16/31 MP: 4/4
   468 | D:1      | Glimpsed the power of Zot.
   597 | D:2      | Reached XP level 4. HP: 33/40 MP: 5/5
   760 | D:2      | Found Gepuph's Assorted Antiques.
  1031 | D:3      | Reached XP level 5. HP: 41/46 MP: 6/6
  1063 | D:3      | Found a shadowy altar of Dithmenos.
  1456 | D:3      | Reached XP level 6. HP: 44/53 MP: 7/7
  1489 | D:3      | Noticed a moth of wrath
  1492 | D:3      | Found a bloodstained altar of Trog.
  1659 | D:4      | Found a sacrificial altar of Ru.
  1921 | D:4      | Noticed Menkaure
  1936 | D:4      | Reached skill level 5 in Shields
  2078 | D:4      | Reached skill level 5 in Armour
  2093 | D:4      | Reached skill level 1 in Dodging
  2158 | D:4      | Noticed Edmund
  2188 | D:4      | Glimpsed the power of Zot.
  2224 | D:4      | Reached XP level 7. HP: 59/60 MP: 8/8
  2236 | D:4      | Glimpsed the power of Zot.
  2240 | D:5      | Entered Level 5 of the Dungeon
  2323 | D:5      | Reached skill level 5 in Fighting
  2520 | D:5      | Reached skill level 5 in Axes
  2520 | D:5      | Reached XP level 8. HP: 46/68 MP: 9/9
  2587 | D:5      | Found a stormy altar of Qazlal.
  2771 | D:5      | Glimpsed the power of Zot.
  2818 | D:5      | Glimpsed the power of Zot.
  2858 | D:5      | Glimpsed the power of Zot.
  2868 | D:5      | Touched by the power of Zot.
  3023 | D:6      | Noticed Pikel
  3047 | D:6      | Killed Pikel
  3048 | D:6      | Gained mutation: You passively map the area around you.
                  | [Meteoran growth]
  3048 | D:6      | Reached XP level 9. HP: 20/75 MP: 10/10
  3104 | D:6      | Noticed Sigmund
  3236 | D:6      | Killed Sigmund
  3237 | D:6      | Reached skill level 5 in Dodging
  3288 | D:6      | Found a blossoming altar of Fedhas.
  3329 | D:6      | Noticed Blork the orc
  3336 | D:6      | Killed Blork the orc
  3535 | D:6      | Found a shimmering blue altar of Sif Muna.
  3541 | D:6      | Glimpsed the power of Zot.
  3591 | D:6      | Glimpsed the power of Zot.
  3664 | D:7      | Reached XP level 10. HP: 84/86 MP: 11/11
  3730 | D:7      | Found a staircase to the Ecumenical Temple.
  3741 | Temple   | Entered the Ecumenical Temple
  3845 | Temple   | Became a worshipper of Warmaster Okawaru
  4221 | D:7      | Found a glowing silver altar of Zin.
  4247 | D:7      | Glimpsed the power of Zot.
  4380 | D:8      | HP: 4/86 [gnoll sergeant/+1 trident of venom (7)]
  4381 | D:8      | HP: 1/86 [poisoned by a gnoll sergeant]
  4382 | D:8      | Slain by a sky beast

Illustrated notes

Levels and vault maps discovered:
D:1:      minmay_arrival_stone_box, layout_basic,
          nicolae_ecumenical_lake_church, chequers_serial_rivers_marsh,
          kennysheep_doodads
D:2:      layout_loops_ring, serial_shops, nicolae_shop_behind_doors
D:3:      layout_basic, tgw_trog, nicolae_dithmenos_through_a_glass_darkly,
          minmay_ruptured
D:4:      layout_gridville, nicolae_ru_great_annihilating_truth, serial_glass,
          glass_columns_b, glass_columns_a, uniq_edmund, uniq_menkaure
D:5:      layout_basic, nicolae_qazlal_general_emergency,
          minmay_chambers_of_fives
D:6:      layout_basic, lemuel_blue_sif_altar, fedhas_bush_and_centaur_altar,
          grunt_ministairs_15, uniq_sigmund, uniq_blork_the_orc, uniq_pikel
D:7:      layout_loops_ring, zin_treasury, minmay_temple_entry_overgrown,
          grunt_ministairs_15, st_stairs_3, kennysheep_generic_room_13
D:8:      minmay_slanted_spiral_squares, layout_cave_pools, enter_bailey_3,
          chequers_mini_garden, st_stairs_5, chequers_serial_rivers_micro_a,
          minmay_puff
Temple:   nicolae_temple_figure_eight

Skill      XL: |  1  2  3  4  5  6  7  8  9 10 |
---------------+-------------------------------+-----
Armour         | 4 5 6 7 8 |  8.4
Shields        | 4 5 6 7 8 |  8.3
Axes           | 3 4 5 6 7 |  7.8
Fighting       | 4 5 6 7 |  7.6
Dodging        | 1 2 4 5 6 |  6.5

Action                   |  1- 3 |  4- 6 |  7- 9 | 10-12 || total
-------------------------+-------+-------+-------+-------++-------
Melee: War axe           |    88 |   207 |   196 |   137 ||   628
       Hand axe          |       |       |       |    13 ||    13
Throw: Dart              |       |       |     5 |       ||     5
  Use: Scroll            |       |     1 |       |       ||     1
       Potion            |       |       |     2 |       ||     2
 Stab: Paralysed         |       |     1 |       |       ||     1
       Distracted        |       |       |     1 |       ||     1
Armor: Scale mail        |    47 |   160 |   129 |   138 ||   474
Dodge: Dodged            |    32 |   104 |   105 |    94 ||   335
Block: Buckler           |    25 |    70 |    82 |    52 ||   229

Table legend: (Time is in decaauts)
 A = Elapsed time spent in this place.
 B = Non-inter-level travel time spent in this place.
 C = Inter-level travel time spent in this place.
 D = Time resting spent in this place.
 E = Time spent auto-exploring this place.
 F = Levels seen in this place.
 G = Mean time per level.
                   A        B        C        D        E       F      G
               +--------+--------+--------+--------+--------+-----+--------+
         Total |   4563 |   4183 |    380 |      0 |      0 |   9 |  507.0 |
       Dungeon |   4438 |   4077 |    361 |      0 |      0 |   8 |  554.8 |
        Temple |    124 |    105 |     19 |      0 |      0 |   1 |  124.0 |
               +--------+--------+--------+--------+--------+-----+--------+

Top non-repeatable levels by time:
     D:5: 734 daAuts
     D:6: 667 daAuts
     D:4: 629 daAuts
     D:3: 588 daAuts
     D:2: 586 daAuts
     D:7: 580 daAuts
     D:1: 548 daAuts
  Temple: 124 daAuts
     D:8: 101 daAuts
